 Dungeon Crawl Stone Soup version 0.27-a0-1206-g6342a01c75 (webtiles) character file.

Game seed: 15852307596978185427

293 Delamore the Shield-Bearer (level 6, -12/49 HPs)
             Began as a Formicid Fighter on June 5, 2021.
             Was a Believer of Yredelemnul.
             Mangled by an ogre
             ... wielding a +0 giant club
              (27 damage)
             ... on level 4 of the Dungeon.
             The game lasted 00:04:45 (4940 turns).

Delamore the Shield-Bearer (Formicid Fighter)       Turns: 4940, Time: 00:04:46

Health: -12/49     AC: 10    Str: 22    XL:     6   Next: 60%
Magic:  6/6        EV:  6    Int:  8    God:    Yredelemnul [**....]
Gold:   59         SH: 11    Dex: 10    Spells: 5/5 levels left

rFire    + . .     SeeInvis +   g - +0 spear
rCold    . . .     Faith    .   c - +1 kite shield
rNeg     . . .     Spirit   .   e - +0 chain mail
rPois    .         Reflect  .   (helmet unavailable)
rElec    .         Harm     .   t - +0 cloak
rCorr    .         Rampage  .   (no gloves)
Will     .....                  (no boots)
Stlth    ..........             (no amulet)
HPRegen  0.16/turn              i - ring of protection from fire
MPRegen  0.10/turn              (no ring)

@: mighty, studying Shields
A: permanent stasis, dig shafts and tunnels, antennae 3, four strong arms
a: Dig, Shaft Self, Renounce Religion, Animate Remains, Recall Undead Slaves,
Injury Mirror


You were on level 4 of the Dungeon.
You worshipped Yredelemnul.
Yredelemnul was pleased with you.
You visited 1 branch of the dungeon, and saw 4 of its levels.

You collected 147 gold pieces.
You spent 88 gold pieces at shops.

Inventory:

Hand Weapons
 a - a +0 trident
 g - a +0 spear (weapon)
Missiles
 f - 7 boomerangs (quivered)
Armour
 b - a +0 scale mail
 c - a +1 kite shield (worn)
 e - a +0 chain mail (worn)
 t - a +0 cloak (worn)
Jewellery
 i - a ring of protection from fire (left hand)
Scrolls
 k - a scroll of fog
 l - a scroll of amnesia
 u - a scroll of teleportation
Potions
 d - 2 potions of might
 h - a potion of heal wounds {unknown}
 j - a potion of mutation {unknown}
 o - 3 potions of curing {unknown}
 q - 3 potions of attraction {unknown}
 r - a potion of lignification {unknown}


   Skills:
 + Level 4.4 Fighting
 * Level 4.3(4.7) Polearms
 + Level 2.4(3.7) Staves
 - Level 3.2 Armour
 + Level 5.2 Shields


You had 5 spell levels left.
You didn't know any spells.
Your spell library contained the following spells:

 Spells                   Type           Power      Damage    Failure   Level
 Beastly Appendage        Tmut           0%         N/A       100%        1
 Wereblood                Tmut           0%         N/A       100%        2
 Spider Form              Tmut/Pois      0%         N/A       100%        3
 Ice Form                 Ice/Tmut       0%         N/A       100%        4
 Hydra Form               Tmut           0%         N/A       100%        5


Dungeon Overview and Level Annotations

Branches:
Dungeon (4/15)
 Temple: D:4-7

Altars:
Cheibriados
Yredelemnul

Shops:
D:2 [:*=


Innate Abilities, Weirdness & Mutations

You cannot be hasted, slowed, berserked, paralysed or teleported.
You can dig through walls and to a lower floor.
You have a pair of large antennae on your head. (SInv)
Your four strong arms can wield two-handed weapons with a shield.


Message History

The hobgoblin is severely wounded.
The endoplasm jiggles.
You closely miss the hobgoblin.
The hobgoblin is severely wounded.
You block the hobgoblin's attack.
You closely miss the hobgoblin.
The hobgoblin is severely wounded.
The hobgoblin hits you but does no damage. x2
You closely miss the hobgoblin.
The hobgoblin is severely wounded.
The hobgoblin hits you but does no damage.
The ogre hits you with a +0 giant club!!
The hobgoblin hits you.
You barely miss the hobgoblin.
The hobgoblin is heavily wounded.
You block the hobgoblin's attack. x2
You hit the hobgoblin but do no damage.
The hobgoblin is heavily wounded.
The ogre hits you but does no damage. The hobgoblin barely misses you.
You block the hobgoblin's attack.
You hit the hobgoblin.
The hobgoblin is almost dead.
You block the ogre's attack. You block the hobgoblin's attack.
The hobgoblin hits you.
You hit the hobgoblin.
You kill the hobgoblin!
Yredelemnul accepts your kill. You block the ogre's attack.
You block the hobgoblin's attack.
You hit the ogre.
The ogre is lightly wounded.
The endoplasm hits you but does no damage.
The hobgoblin hits you but does no damage.
You feel very mighty all of a sudden. The ogre hits you with a +0 giant club!
You puncture the ogre!
The ogre is moderately wounded.
The ogre hits you with a +0 giant club!!
Ouch! That really hurt!
You die...
Your body rises from the dead as a mindless zombie.

######..##..!..#
#....J..#†..#
#.#####....# #.#
#...##
########.#
#.....
........J#
#....##
########g#
#.#### #O# #.#
#@# #.. #.# ##
#.# #.# #.# #.#
#<# ###


You could see an ogre, an endoplasm and a hobgoblin.

Vanquished Creatures
  An orc priest (D:3)
  Crazy Yiuf (D:2)
  Jessica (D:2)
  3 orc wizards (D:3)
  3 gnolls (D:2)
  2 adders (D:3)
  4 worms (D:2)
  8 orcs (D:3)
  3 ball pythons
  8 endoplasms
  A giant cockroach (D:2)
  10 goblins
  8 hobgoblins
  3 jackals (D:2)
  2 quokkas
  4 bats
  5 frilled lizards
  4 kobolds
  5 rats
76 creatures vanquished.

Notes
Turn   | Place    | Note
-------+----------+-------------------------------------------
     0 | D:1      | Delamore the Formicid Fighter began the quest for the Orb.
     0 | D:1      | Reached XP level 1. HP: 18/18 MP: 1/1
   122 | D:1      | Reached XP level 2. HP: 20/24 MP: 2/2
  1210 | D:2      | Reached XP level 3. HP: 25/29 MP: 3/3
  1258 | D:2      | Found Koim's Jewellery Shoppe.
  1334 | D:2      | Reached skill level 1 in Staves
  1599 | D:2      | Found Vurehem's Book Shop.
  1610 | D:2      | Reached skill level 4 in Shields
  1737 | D:2      | Found Opraepnuv's Armour Emporium.
  2130 | D:2      | Found a runed translucent door.
  2131 | D:2      | Noticed Crazy Yiuf
  2159 | D:2      | Found Jongof's Assorted Antiques.
  2167 | D:2      | Bought a scroll labelled ADASUW SUAKKY for 15 gold pieces
  2167 | D:2      | Bought a scroll labelled FAQEFY COPTEZ for 15 gold pieces
  2204 | D:2      | Reached XP level 4. HP: 22/37 MP: 4/4
  2363 | D:2      | Found a faded altar of an unknown god.
  2393 | D:2      | Became a worshipper of Yredelemnul the Dark
  2393 | D:2      | Reached * piety under Yredelemnul
  2435 | D:2      | Noticed Jessica
  2439 | D:2      | Killed Jessica
  2804 | D:2      | Reached XP level 5. HP: 41/42 MP: 5/5
  3166 | D:2      | Killed Crazy Yiuf
  3462 | D:2      | Bought a scroll labelled OMAUDE NUGACUB for 15 gold pieces
  3462 | D:2      | Bought a scroll labelled OMAUDE NUGACUB for 15 gold pieces
  3462 | D:2      | Bought a scroll labelled OVULESO ATWU for 15 gold pieces
  3462 | D:2      | Bought a pink potion for 13 gold pieces
  3464 | D:2      | Acquired a manual of Shields
  3959 | D:3      | Reached XP level 6. HP: 34/48 MP: 6/6
  4243 | D:3      | Reached skill level 5 in Shields
  4479 | D:3      | Found a snail-covered altar of Cheibriados.
  4654 | D:3      | Reached ** piety under Yredelemnul
  4914 | D:4      | Noticed an ogre
  4940 | D:4      | Mangled by an ogre

Illustrated notes

Levels and vault maps discovered:
D:1:      ncdulo_smallfort, layout_loops_ring, serial_forest,
          infiniplex_forest_lined_2, infiniplex_forest_join,
          infiniplex_forest_clump_cross, infiniplex_forest_clump_double,
          infiniplex_forest_clump_long, infiniplex_forest_straight_2,
          minmay_pentomino_v2
D:2:      layout_basic, hellmonk_ecumenical_altar_inner_sanctum, serial_shops,
          nicolae_shop_statue_plus, nicolae_shop_behind_doors, shop,
          nicolae_shop_competitors_out_of_business, minmay_fractal_squares_5,
          uniq_crazy_yiuf_cottage, uniq_jessica
D:3:      layout_rooms, marbit_many_paths
D:4:      wander_river, layout_basic, cheibrodos_sewer_entry_sluice,
          corexii_hall_statues_deadend, minmay_fountain_box, minmay_circle_x,
          uniq_sigmund

Skill      XL: |  1  2  3  4  5  6 |
---------------+-------------------+-----
Staves         | 1 2 |  2.4
Shields        | 4 5 |  5.2
Polearms       | 3 4 |  4.3
Fighting       | 4 |  4.4
Armour         | |  3.2

Action                   |  1- 3 |  4- 6 || total
-------------------------+-------+-------++-------
Melee: Trident           |    44 |       ||    44
       Spear             |    68 |   237 ||   305
Throw: Boomerang         |       |     7 ||     7
 Abil: Dig               |     1 |     1 ||     2
  Use: Scroll            |     2 |     8 ||    10
       Potion            |       |     1 ||     1
Armor: Chain mail        |    46 |    91 ||   137
Dodge: Dodged            |    34 |    50 ||    84
Block: Kite shield       |    84 |   105 ||   189

Table legend: (Time is in decaauts)
 A = Elapsed time spent in this place.
 B = Non-inter-level travel time spent in this place.
 C = Inter-level travel time spent in this place.
 D = Time resting spent in this place.
 E = Time spent auto-exploring this place.
 F = Levels seen in this place.
 G = Mean time per level.
                   A        B        C        D        E       F      G
               +--------+--------+--------+--------+--------+-----+--------+
         Total |   4979 |   4761 |    218 |   1526 |   2536 |   4 | 1244.8 |
       Dungeon |   4979 |   4761 |    218 |   1526 |   2536 |   4 | 1244.8 |
               +--------+--------+--------+--------+--------+-----+--------+

Top non-repeatable levels by time:
     D:2: 2306 daAuts
     D:1: 1357 daAuts
     D:3: 1267 daAuts
     D:4: 46 daAuts
